 Dungeon Crawl Stone Soup version 0.19.4-8-ga85b6b9 (webtiles) character file.

387 doot the Thaumaturge (level 6, 0/33 HPs)
             Began as a Deep Elf Wizard on Feb 10, 2017.
             Slain by an iguana (9 damage)
             ... on level 5 of the Dungeon.
             The game lasted 00:27:08 (4954 turns).

doot the Thaumaturge (Deep Elf Wizard)              Turns: 4954, Time: 00:27:08

Health: 0/33       AC:  4    Str:  4    XL:     6   Next: 49%
Magic:  10/19      EV: 13    Int: 25    God:
Gold:   224        SH:  0    Dex: 13    Spells: 4 memorised, 13 levels left

rFire  . . .     SeeInvis +     g - +1 dagger
rCold  . . .     Gourm    +     a - +0 robe
rNeg   . . .     Faith    .     (no shield)
rPois  .         Spirit   .     b - +0 hat
rElec  .         Reflect  .     (no cloak)
rCorr  .         Harm     .     v - +0 pair of gloves
MR     .....                    n - +0 pair of boots
Stlth  ++........               B - amulet of the gourmand
                                h - +1 ring of slaying
                                s - ring of see invisible

@: no status effects
A: no striking features
a: no special abilities


You were on level 5 of the Dungeon.
You were hungry.

You visited 1 branch of the dungeon, and saw 5 of its levels.

You collected 224 gold pieces.

Inventory:

Hand Weapons
 f - a -3 short sword
 g - a +1 dagger (weapon)
Armour
 a - a +0 robe (worn)
 b - a +0 hat (worn)
 n - a +0 pair of boots (worn)
 v - a +0 pair of gloves (worn)
 x - a +0 helmet
Jewellery
 h - a +1 ring of slaying (right hand)
 p - an uncursed ring of teleportation
 s - a ring of see invisible (left hand)
 B - an amulet of the gourmand (around neck)
Wands
 u - a wand of acid (3/15)
 y - a wand of flame (11/48)
Scrolls
 j - a scroll of noise
 m - a scroll of amnesia
 o - 4 scrolls of identify
 A - a scroll of remove curse
Potions
 l - a potion of heal wounds {unknown}
Books
 c - a book of Minor Magic

   Spells                             Type                      Level
   a - Magic Dart                     Conjuration                  1
   b - Blink                          Translocation                2
   c - Call Imp                       Summoning                    2
   d - Repel Missiles                 Charms/Air                   2
   e - Slow                           Hexes                        2
   f - Conjure Flame                  Conjuration/Fire             3
   g - Mephitic Cloud                 Conjuration/Poison/Air       3
Comestibles
 d - 3 bread rations
 r - a meat ration
 t - a beef jerky
 C - a slice of pizza


   Skills:
 + Level 0.5 Fighting
 + Level 1.0 Short Blades
 + Level 2.8 Dodging
 + Level 2.9 Stealth
 * Level 8.4 Spellcasting
 + Level 1.7 Conjurations
 + Level 2.6 Summonings
 + Level 1.3 Translocations
 + Level 0.4 Air Magic


You had 13 spell levels left.
You knew the following spells:

 Your Spells              Type           Power        Failure   Level  Hunger
a - Magic Dart            Conj           ###.         3%          1    None
b - Call Imp              Summ           ###.....     3%          2    None
c - Mephitic Cloud        Conj/Pois/Air  ##......     14%         3    None
d - Blink                 Tloc           N/A          8%          2    None


Dungeon Overview and Level Annotations

Branches:
Dungeon (5/15)
 Temple: D:4-7

Altars:
Cheibriados
Okawaru

Annotations:
D:4 North's ghost, amateur TrMo
D:5 Blork the orc; Pikel


Message History

Your crimson imp hits the slave.
As you read the scroll labeled FOTOHET FUBOS, it crumbles to dust.
You hear a lullaby played backwards.
It was a scroll of random uselessness.
The slave hits your crimson imp.
Your crimson imp barely misses the slave.
Cornered, the adder turns to fight!
The slave barely misses your crimson imp.
Your crimson imp hits the slave but does no damage.
Your crimson imp blinks!
You swap places.
An iguana comes into view.
The adder closely misses your crimson imp.
The adder closely misses your crimson imp.
As you read the scroll labeled PONTOJ MAROO, it crumbles to dust.
The scroll dissolves into smoke.
It was a scroll of fog.
Your crimson imp disappears in a puff of smoke!
Casting: Blink
Confirm with . or Enter, or press ? or * to list all spells.
You blink.
The iguana bites you!
You die...

#..$.###.########
.....##...5p....#
....####.######.#
....# ### #§##
..### #§§#
.##******* ##S# p#
*,,,,,* #§# .#
*,,,,,* #l# ##
*,,,,,* #@#
**,,*,,******#§#**
*,,,*,,,**,,,§§§,*
*,*##**,,,,*,...,*
*,..#,.,**,*,.o.,*
**#.#.#***,*.....*
#####...#
*,,,,,,,*
############
......#**
*,*>*****
#.......#...
...##.######.*,*
#.#####.#.##


You could see an iguana.

Vanquished Creatures
  A howler monkey (D:4)
  A bullfrog skeleton (D:4)
  A worker ant (D:4)
  2 adders
  An ooze (D:1)
  A worm (D:4)
  4 leopard geckos
  A giant cockroach (D:1)
  2 hobgoblins
  2 jackals (D:5)
  5 kobolds
  A quokka (D:3)
  4 bats
  4 frilled lizards
  7 goblins
  3 rats
40 creatures vanquished.

Vanquished Creatures (collateral kills)
  A phantom (D:5)
  A scorpion (D:4)
  A killer bee (D:4)
  A centaur skeleton (D:4)
  An orc priest (D:3)
  An iguana (D:4)
  A worker ant (D:5)
  4 adders
  A dart slug (D:1)
  A leopard gecko (D:5)
  11 orcs
  3 bats
  2 giant cockroaches
  4 hobgoblins
  A jackal (D:5)
  A quokka (D:5)
  A ball python (D:3)
  4 goblins
  3 kobolds
  A rat (D:1)
44 creatures vanquished.

Vanquished Creatures (others)
  7 toadstools (D:1)
7 creatures vanquished.

Grand Total: 91 creatures vanquished

Notes
Turn   | Place    | Note
-------+----------+-------------------------------------------
     0 | D:1      | doot the Deep Elf Wizard began the quest for the Orb.
     0 | D:1      | Reached XP level 1. HP: 10/10 MP: 7/7
    99 | D:1      | Reached skill level 5 in Spellcasting
    99 | D:1      | Reached XP level 2. HP: 15/15 MP: 0/10
   103 | D:1      | Learned a level 2 spell: Call Imp
   861 | D:2      | Reached XP level 3. HP: 19/19 MP: 6/12
   869 | D:2      | Learned a level 3 spell: Mephitic Cloud
  1162 | D:2      | Reached skill level 6 in Spellcasting
  1821 | D:2      | Learned a level 2 spell: Blink
  2041 | D:3      | Reached XP level 4. HP: 24/24 MP: 3/14
  2650 | D:4      | Noticed North's ghost (amateur TrMo)
  3143 | D:4      | Reached skill level 7 in Spellcasting
  3143 | D:4      | Reached XP level 5. HP: 28/28 MP: 1/16
  3683 | D:5      | Entered Level 5 of the Dungeon
  3696 | D:5      | Found an iron altar of Okawaru.
  3696 | D:5      | Found a snail-covered altar of Cheibriados.
  3762 | D:5      | Noticed a slave
  3768 | D:5      | Noticed a slave
  3850 | D:4      | Reached XP level 6. HP: 29/32 MP: 1/18
  4026 | D:4      | Reached skill level 1 in Short Blades
  4195 | D:5      | Noticed Pikel
  4208 | D:5      | Noticed a slave
  4389 | D:5      | Reached skill level 8 in Spellcasting
  4539 | D:5      | Noticed a sky beast
  4892 | D:5      | Noticed a slave
  4939 | D:5      | Noticed Blork the orc
  4940 | D:5      | HP: 1/33 [Blork the orc/trident (5)]
  4954 | D:5      | Slain by an iguana

Skill      XL: |  1  2  3  4  5  6 |
---------------+-------------------+-----
Spellcasting   | 5 6 7 8 |  8.4
Summonings     | 2 |  2.6
Short Blades   | 1 |  1.0
Fighting       | |  0.5
Dodging        | |  2.8
Stealth        | |  2.9
Conjurations   | |  1.7
Translocations | |  1.3
Air Magic      | |  0.4

Action                   |  1- 3 |  4- 6 || total
-------------------------+-------+-------++-------
Melee: Unarmed           |     4 |       ||     4
       Dagger            |    14 |    32 ||    46
 Cast: Magic Dart        |    66 |    39 ||   105
       Call Imp          |    20 |    59 ||    79
       Mephitic Cloud    |     1 |     9 ||    10
       Blink             |       |    12 ||    12
Evoke: Wand              |       |     1 ||     1
  Use: Scroll            |     3 |     8 ||    11
       Potion            |       |     3 ||     3
 Stab: Distracted        |     1 |     2 ||     3
       Confused          |       |     1 ||     1
  Eat: Chunk             |     3 |     5 ||     8
       Pizza             |       |     1 ||     1
       Royal jelly       |       |     1 ||     1
Armor: Robe              |     9 |    17 ||    26
Dodge: Dodged            |    29 |    58 ||    87
